Reign vs Admirals

Created - January 3, 2022 at 19:17

Goals
1 2 3 T
Reign 1 2 3 6
Admirals 2 1 1 4
Shots
1 2 3 T
Reign 6 11 13 30
Admirals 13 7 11 31

1st period

1. Reign , Josh Anderson 3 (Markus Nutivaara 5, Jordan Schmaltz 7) at 13:45
2. Admirals , Kasper Bjorkqvist 3 (Hunter Shinkaruk 3) at 17:17
3. Admirals , Markus Granlund 3 (Joel Armia 2) at 18:22

Penalties :
Mattias Backman (Mil) for Hooking (Minor) at 8:59, Joachim Blichfeld (Ont) for Hooking (Minor) at 19:34

2nd period

4. Reign , Matthew Tkachuk 2 (Austin Czarnik 6, Christopher Tanev 2) at 10:38
5. Reign , Josh Anderson 4 (Joel Eriksson Ek 3, Joachim Blichfeld 4) at 12:35
6. Admirals , Blake Geoffrion 5 (Mark McNeill 3, Andreas Englund 5) at 13:34

Penalties :
Jordan Schmaltz (Ont) for Hooking (Minor) at 6:54, Markus Granlund (Mil) for Tripping (Minor) at 14:20, Kyle Connor (Ont) for High sticking (Minor) at 19:40

3rd period

7. Reign , Josh Anderson 5 (Joel Eriksson Ek 4, Joachim Blichfeld 5) at 2:52
8. Reign , Markus Nutivaara 1 (Erik Christensen 10, Alex Iafallo 7) at 3:33 (PP)
9. Admirals , Mark McNeill 4 (Josh Morrissey 6, Anton Gustafsson 5) at 4:06
10. Reign , Joel Vermin 1 (Jordan Schmaltz 8, Erik Christensen 11) at 11:11

Penalties :
Andreas Englund (Mil) for Interference (Minor) at 2:55, Joel Armia (Mil) for Holding (Minor) at 4:13, Andreas Englund (Mil) for Roughing (Minor) at 13:08, Josh Anderson (Ont) for Cross-checking (Minor) at 15:37

Goalie Stats

Carter Hart (Ont), 27 saves from 31 shots - (0.871), W, 3-4-0, 60:00 minutes
Felix Sanstrom (Mil), 16 saves from 21 shots - (0.762), L, 3-1-0, 43:33 minutes
Tristan Jarry (Mil), 8 saves from 9 shots - (0.889), 16:27 minutes

Players Stats for Reign

Player Name              G  A  P  +/- PIM S  H  SB GA TA FO     MP     PP MP  PK MP  
------------------------------------------------------------------------------------
Alex Iafallo             0  1  1   0  0   3  1  1  1  1  0/0    18:18   3:54   2:47 
Austin Czarnik           0  1  1  -1  0   3  1  0  2  0  1/1    10:34   0:00   0:00 
Charlie McAvoy           0  0  0   0  0   0  1  2  0  0  0/0    14:06   3:43   0:00 
Christopher Tanev        0  1  1   1  0   0  0  2  0  0  0/0    14:59   0:00   5:09 
Dan Renouf               0  0  0   1  0   0  0  0  0  0  0/0    14:57   4:47   0:00 
Erik Christensen         0  2  2   0  0   4  2  0  0  0  13/19  14:48   4:05   0:05 
Filip Hronek             0  0  0   0  0   1  0  0  0  0  0/0    12:58   0:00   2:47 
Jacob Josefson           0  0  0  -1  0   2  0  0  0  0  6/7    11:35   0:47   0:00 
Joachim Blichfeld        0  2  2   3  2   0  0  0  0  0  0/0    10:04   0:04   0:00 
Joel Eriksson Ek         0  2  2   3  0   1  0  0  1  1  0/4    12:25   0:43   1:45 
Joel Vermin              1  0  1   0  0   1  1  0  0  0  0/0    12:16   0:05   1:36 
Jordan Kyrou             0  0  0  -1  0   1  1  0  2  0  0/1    14:53   3:52   0:00 
Jordan Schmaltz          0  2  2  -1  2   1  1  2  0  2  0/0    22:19   3:43   4:06 
Josh Anderson            3  0  3   3  2   4  4  0  0  0  0/0    10:17   0:00   0:00 
Kyle Connor              0  0  0  -1  2   1  2  1  0  0  0/0    14:53   3:52   0:00 
Logan Stanley            0  0  0   1  0   0  1  0  0  0  0/0    10:10   0:00   0:00 
Markus Nutivaara         1  1  2  -1  0   2  0  2  0  0  0/0    20:45   4:51   2:47 
Matt Roy                 0  0  0   1  0   1  0  0  0  0  0/0    10:43   0:04   1:03 
Matthew Tkachuk          1  0  1  -1  0   2  0  0  0  0  1/2    15:02   4:28   0:00 
Mike Amadio              0  0  0  -2  0   3  0  2  0  1  10/21  20:24   3:52   4:48 
Trent Frederic           0  0  0   1  0   0  0  0  0  0  0/1     5:34   0:00   4:51 

Players Stats for Admirals

Player Name              G  A  P  +/- PIM S  H  SB GA TA FO     MP     PP MP  PK MP  
------------------------------------------------------------------------------------
Andreas Englund          0  1  1   0  4   1  0  0  0  0  0/0    15:25   0:00   2:12 
Anton Gustafsson         0  1  1   1  0   2  0  0  0  1  5/12   16:31   3:16   1:05 
Blake Geoffrion          1  0  1   1  0   3  1  0  1  0  0/0    17:05   3:16   1:23 
Christian Djoos          0  0  0  -1  0   2  0  1  0  0  0/0     7:09   0:00   0:00 
Freddie Hamilton         0  0  0  -2  0   2  1  0  0  0  1/2     9:27   0:00   1:57 
Hunter Shinkaruk         0  1  1   0  0   4  1  0  2  0  0/0    10:51   0:06   0:55 
Joel Armia               0  1  1   0  2   1  0  0  0  0  0/1    18:14   4:34   0:00 
Josh Morrissey           0  1  1   0  0   1  1  5  0  1  0/0    27:11   4:11   5:11 
Josh Wesley              0  0  0   0  0   0  0  0  0  0  0/0     5:29   0:00   0:00 
Kasper Bjorkqvist        1  0  1   0  0   3  0  0  0  0  0/0     9:50   0:00   0:00 
Lucas Wallmark           0  0  0   0  0   0  0  2  0  0  6/6     9:59   0:00   0:08 
Mark McNeill             1  1  2   1  0   2  3  0  0  0  0/2    17:21   3:16   1:37 
Markus Granlund          1  0  1   0  2   5  5  0  1  1  13/33  22:08   4:40   3:47 
Mattias Backman          0  0  0   0  2   0  0  2  0  1  0/0    19:22   3:45   2:41 
Nicolas Deslauriers      0  0  0  -2  0   2  1  1  0  0  0/0     9:19   0:00   1:46 
Nicolas Kerdiles         0  0  0   0  0   1  1  2  1  0  0/0    22:51   4:40   4:30 
Olli Juolevi             0  0  0  -1  0   0  0  0  0  1  0/0    10:57   3:45   0:00 
Riley Barber             0  0  0  -2  0   1  0  0  0  0  0/0     7:15   0:00   0:00 
T.J Brodie               0  0  0   0  0   0  2  1  0  1  0/0    27:11   4:11   5:11 
Trevor Van Riemsdyk      0  0  0   0  0   1  1  0  0  0  0/0     7:46   0:00   1:53 

3 Stars

1 - Josh Anderson (Ont)
2 - Joel Eriksson Ek (Ont)
3 - Mark McNeill (Mil)

Power Play

Reign - 1 on 5 Attempt(s) - 20.00%
Admirals - 0 on 4 Attempt(s) - 0.00%

Penalty Kill

Reign - 4 on 4 Attempt(s) - 100.00% - Score 0 goal in Penalty Kill
Admirals - 4 on 5 Attempt(s) - 80.00% - Score 0 goal in Penalty Kill

Team Stat

Reign - Hits : 15 - Faceoff Wins : 31 - Blocked Shots : 12 - Penalty Minutes : 8
Admirals - Hits : 17 - Faceoff Wins : 25 - Blocked Shots : 14 - Penalty Minutes : 10

Official

Referees : Kevin Pollock and Conor O'Donnell
Linesman : Ryan Gibbons and Brad Kovachik

Game Notes

1:00 of 1st period - Reign goal is going for a video replay. After video review, No Goal. The goalkeeper has been pushed into the net together with the puck after making a save.
Josh Anderson has scored a Hat Trick!
Tristan Jarry enters game at 3:33 of 3rd period

Finance

Level 1 -- Attendance: 2000 (100.00%) -- Ticket Income $70,000
Level 2 -- Attendance: 928 (92.80%) -- Ticket Income $13,920
Total Attendance: 2928 (97.60%)
Total Ticket Income: $83,920
Other Income: $4,196
Total Income: $88,116

Reign

5 vs 5 Forward 
   Center                   Left Wing                Right Wing               Time % Phy DF OF 
 1 Erik Christensen         Alex Iafallo             Joel Vermin              30     1   1  3  
 2 Mike Amadio              Matthew Tkachuk          Austin Czarnik           30     1   2  2  
 3 Jacob Josefson           Kyle Connor              Jordan Kyrou             20     0   2  3  
 4 Joel Eriksson Ek         Joachim Blichfeld        Josh Anderson            20     0   3  2  

5 vs 5 Defense 
   Defense                  Defense                                           Time % Phy DF OF 
 1 Markus Nutivaara         Jordan Schmaltz                                   30     0   3  2  
 2 Christopher Tanev        Matt Roy                                          25     1   3  1  
 3 Charlie McAvoy           Filip Hronek                                      25     1   3  1  
 4 Logan Stanley            Dan Renouf                                        20     1   3  1  

PowerPlay Forward 
   Center                   Left Wing                Right Wing               Time % Phy DF OF 
 1 Erik Christensen         Matthew Tkachuk          Alex Iafallo             60     0   2  3  
 2 Mike Amadio              Kyle Connor              Jordan Kyrou             40     0   2  3  

PowerPlay Defense
   Defense                  Defense                                           Time % Phy DF OF 
 1 Dan Renouf               Markus Nutivaara                                  60     1   2  2  
 2 Charlie McAvoy           Jordan Schmaltz                                   40     1   2  2  

Penalty Kill 4 Players Forward 
   Center                   Wing                     Time % Phy DF OF 
 1 Mike Amadio              Trent Frederic           60     1   3  1  
 2 Joel Eriksson Ek         Alex Iafallo             40     1   3  1  

Penalty Kill 4 Players Defense
   Defense                  Defense                  Time % Phy DF OF 
 1 Christopher Tanev        Jordan Schmaltz          60     1   4  0  
 2 Filip Hronek             Markus Nutivaara         40     1   4  0  

Penalty Kill - 3 Players Forward 
   Forward                                           Time % Phy DF OF 
 1 Mike Amadio                                       60     2   3  0  
 2 Joel Eriksson Ek                                  40     2   3  0  

Penalty Kill - 3 Players Defense
   Defense                  Defense                  Time % Phy DF OF 
 1 Christopher Tanev        Jordan Schmaltz          60     1   4  0  
 2 Filip Hronek             Markus Nutivaara         40     1   4  0  

4 vs 4 Forward 
   Center                   Wing                     Time % Phy DF OF 
 1 Erik Christensen         Mike Amadio              60     1   2  2  
 2 Alex Iafallo             Austin Czarnik           40     1   2  2  

4 vs 4 Defense
   Defense                  Defense                  Time % Phy DF OF 
 1 Christopher Tanev        Jordan Schmaltz          60     1   2  2  
 2 Matt Roy                 Markus Nutivaara         40     1   2  2  

Last Minutes Offensive
   Center                   Left Wing                Right Wing               Defense                  Defense                  
   Erik Christensen         Alex Iafallo             Joel Vermin              Christopher Tanev        Jordan Schmaltz          

Last Minutes Defensive
   Center                   Left Wing                Right Wing               Defense                  Defense                  
   Mike Amadio              Alex Iafallo             Joel Vermin              Christopher Tanev        Jordan Schmaltz          

Goaltenders
Starting : Carter Hart              
Backup : Garret Sparks            

Extra Forwards
Normal : Trent Frederic, Mike Amadio, Joel Eriksson Ek - PP : Joel Eriksson Ek, Jacob Josefson - PK : Joel Vermin
Extra Defensemen
Normal : Charlie McAvoy, Filip Hronek, Logan Stanley - PP : Charlie McAvoy - PK : Matt Roy, Logan Stanley
Penalty Shots
Erik Christensen, Mike Amadio, Alex Iafallo, Austin Czarnik, Joel Vermin

Scratches
Blake Lizotte (Healthy), Bokondji Imama (Healthy), Caleb Jones (Healthy), Dmitri Orlov (Healthy), Jordan Weal (Healthy)
Michael Ferland (Healthy), Phillip Danault (Healthy), Kale Clague (Left Leg Injury), Cal Petersen (Healthy), Jordan Binnington (Healthy)

Admirals

5 vs 5 Forward 
   Center                   Left Wing                Right Wing               Time % Phy DF OF 
 1 Markus Granlund          Nicolas Kerdiles         Joel Armia               40     1   2  2  
 2 Anton Gustafsson         Blake Geoffrion          Mark McNeill             30     1   2  2  
 3 Lucas Wallmark           Hunter Shinkaruk         Kasper Bjorkqvist        20     1   2  2  
 4 Freddie Hamilton         Nicolas Deslauriers      Riley Barber             10     1   2  2  

5 vs 5 Defense 
   Defense                  Defense                                           Time % Phy DF OF 
 1 Josh Morrissey           T.J Brodie                                        40     1   2  2  
 2 Andreas Englund          Mattias Backman                                   30     1   2  2  
 3 Christian Djoos          Olli Juolevi                                      20     1   2  2  
 4 Josh Wesley              Trevor Van Riemsdyk                               10     1   2  2  

PowerPlay Forward 
   Center                   Left Wing                Right Wing               Time % Phy DF OF 
 1 Markus Granlund          Nicolas Kerdiles         Joel Armia               60     1   1  3  
 2 Anton Gustafsson         Blake Geoffrion          Mark McNeill             40     1   1  3  

PowerPlay Defense
   Defense                  Defense                                           Time % Phy DF OF 
 1 Josh Morrissey           T.J Brodie                                        60     1   2  2  
 2 Mattias Backman          Olli Juolevi                                      40     1   2  2  

Penalty Kill 4 Players Forward 
   Center                   Wing                     Time % Phy DF OF 
 1 Markus Granlund          Nicolas Kerdiles         60     1   2  2  
 2 Mark McNeill             Nicolas Deslauriers      40     1   2  2  

Penalty Kill 4 Players Defense
   Defense                  Defense                  Time % Phy DF OF 
 1 Josh Morrissey           T.J Brodie               60     1   3  1  
 2 Andreas Englund          Mattias Backman          40     1   3  1  

Penalty Kill - 3 Players Forward 
   Forward                                           Time % Phy DF OF 
 1 Mark McNeill                                      60     1   2  2  
 2 Anton Gustafsson                                  40     1   2  2  

Penalty Kill - 3 Players Defense
   Defense                  Defense                  Time % Phy DF OF 
 1 Josh Morrissey           T.J Brodie               60     1   3  1  
 2 Andreas Englund          Mattias Backman          40     1   3  1  

4 vs 4 Forward 
   Center                   Wing                     Time % Phy DF OF 
 1 Markus Granlund          Nicolas Kerdiles         60     1   2  2  
 2 Anton Gustafsson         Joel Armia               40     1   2  2  

4 vs 4 Defense
   Defense                  Defense                  Time % Phy DF OF 
 1 Josh Morrissey           T.J Brodie               60     1   2  2  
 2 Mattias Backman          Olli Juolevi             40     1   2  2  

Last Minutes Offensive
   Center                   Left Wing                Right Wing               Defense                  Defense                  
   Markus Granlund          Nicolas Kerdiles         Joel Armia               Josh Morrissey           T.J Brodie               

Last Minutes Defensive
   Center                   Left Wing                Right Wing               Defense                  Defense                  
   Lucas Wallmark           Nicolas Kerdiles         Mark McNeill             Josh Morrissey           T.J Brodie               

Goaltenders
Starting : Felix Sanstrom           
Backup : Tristan Jarry            

Extra Forwards
Normal : Lucas Wallmark, Kasper Bjorkqvist, Freddie Hamilton - PP : Hunter Shinkaruk, Kasper Bjorkqvist - PK : Freddie Hamilton
Extra Defensemen
Normal : Mattias Backman, Christian Djoos, Trevor Van Riemsdyk - PP : Mattias Backman - PK : Mattias Backman, Trevor Van Riemsdyk
Penalty Shots
Anton Gustafsson, Nicolas Kerdiles, Blake Geoffrion, Nicolas Deslauriers, Mark McNeill

Scratches
Adam Almquist (Healthy), Alexandre Mallet (Healthy), Brett Connolly (Healthy), Carl Dahlstrom (Fractured Metatarsal (Right Foot) Injury), Filip Chlapik (Healthy)
Mark MacMillan (Healthy), Ryan Olsen (Healthy), Sergei Zborovskiy (Healthy), Stanislav Galiev (Healthy), Travis Dermott (Torn Left Knee Ligaments Injury)
Troy Bourke (Healthy), Carsen Twarynski (Healthy), Libor Hajek (Healthy), Linus Ullmark (Healthy)

% Time on Ice - Reign

Lines # - Real PCT - Wanted PCT - Time Play
Normal Forward
1 - 28% - 30% - 11:58
2 - 25% - 30% - 10:47
3 - 25% - 20% - 10:48
4 - 23% - 20% - 9:57
Normal Defense
1 - 29% - 30% - 12:44
2 - 26% - 25% - 11:14
3 - 22% - 25% - 9:22
4 - 23% - 20% - 10:10
PP Forward
1 - 55% - 60% - 4:42
2 - 45% - 40% - 3:52
PP Defense
1 - 57% - 60% - 4:51
2 - 43% - 40% - 3:43
PK Forward
1 - 78% - 60% - 6:11
2 - 22% - 40% - 1:45
PK Defense
1 - 65% - 60% - 5:09
2 - 35% - 40% - 2:47
PK3 Forward
1 - 0% - 60%
2 - 0% - 40%
PK3 Defense
1 - 0% - 60%
2 - 0% - 40%
44 Forward
1 - 0% - 60%
2 - 0% - 40%
44 Defense
1 - 0% - 60%
2 - 0% - 40%
Last Minute Offensive  - 0:00
Last Minute Defensive  - 0:00
Total
Forward - 60:00
Defense - 60:00

% Time on Ice - Admirals

Lines # - Real PCT - Wanted PCT - Time Play
Normal Forward
1 - 32% - 40% - 13:57
2 - 29% - 30% - 12:28
3 - 23% - 20% - 9:50
4 - 17% - 10% - 7:15
Normal Defense
1 - 41% - 40% - 17:49
2 - 30% - 30% - 13:03
3 - 16% - 20% - 7:09
4 - 13% - 10% - 5:29
PP Forward
1 - 59% - 60% - 4:40
2 - 41% - 40% - 3:16
PP Defense
1 - 53% - 60% - 4:11
2 - 47% - 40% - 3:45
PK Forward
1 - 79% - 60% - 6:48
2 - 21% - 40% - 1:46
PK Defense
1 - 61% - 60% - 5:11
2 - 39% - 40% - 3:23
PK3 Forward
1 - 0% - 60%
2 - 0% - 40%
PK3 Defense
1 - 0% - 60%
2 - 0% - 40%
44 Forward
1 - 0% - 60%
2 - 0% - 40%
44 Defense
1 - 0% - 60%
2 - 0% - 40%
Last Minute Offensive  - 0:00
Last Minute Defensive  - 0:00
Total
Forward - 60:00
Defense - 60:00

Play-by-Play

1st period


0:01 of 1st period - Erik Christensen wins face-off versus Markus Granlund in neutral zone.
0:36 of 1st period - Slapshot by Alex Iafallo.
0:36 of 1st period - Shot Misses the Net.
0:58 of 1st period - Snap shot by Erik Christensen.
0:58 of 1st period - Shot Misses the Net.
1:00 of 1st period - Wrist shot by Erik Christensen.
1:00 of 1st period - Reign goal is going for a video replay.
1:00 of 1st period - The goal is refused. The goalkeeper has been pushed into the net together with the puck after making a save..
1:01 of 1st period - Mike Amadio wins face-off versus Anton Gustafsson in Admirals zone.
1:10 of 1st period - Slapshot by Austin Czarnik.
1:10 of 1st period - Deflect By Mike Amadio.
1:10 of 1st period - Stopped by Felix Sanstrom with a rebound.
1:38 of 1st period - Christian Djoos is hit by Kyle Connor and loses puck.
2:20 of 1st period - Snap shot by Mark McNeill.
2:20 of 1st period - Stopped by Carter Hart with a rebound.
2:22 of 1st period - Slapshot by Blake Geoffrion.
2:22 of 1st period - Shot Blocked by Charlie McAvoy.
2:24 of 1st period - Snap shot by Christian Djoos.
2:24 of 1st period - Deflect By Charlie McAvoy.
2:24 of 1st period - Stopped by Carter Hart without a rebound.
2:25 of 1st period - Markus Granlund wins face-off versus Joel Eriksson Ek in Reign zone.
3:42 of 1st period - Snap shot by Alex Iafallo.
3:42 of 1st period - Stopped by Felix Sanstrom without a rebound.
3:43 of 1st period - Markus Granlund wins face-off versus Joel Eriksson Ek in Admirals zone.
4:10 of 1st period - Matt Roy is hit by Josh Morrissey and loses puck.
4:33 of 1st period - Wrist shot by Hunter Shinkaruk.
4:33 of 1st period - Deflect By Kasper Bjorkqvist.
4:33 of 1st period - Stopped by Carter Hart with a rebound.
4:35 of 1st period - Wrist shot by Hunter Shinkaruk.
4:35 of 1st period - Stopped by Carter Hart without a rebound.
4:36 of 1st period - Erik Christensen wins face-off versus Markus Granlund in Reign zone.
6:12 of 1st period - Snap shot by Austin Czarnik.
6:12 of 1st period - Shot Blocked by Lucas Wallmark.
6:36 of 1st period - Snap shot by Anton Gustafsson.
6:36 of 1st period - Shot Misses the Net.
7:08 of 1st period - Kyle Connor is hit by Markus Granlund and loses puck.
7:15 of 1st period - Snap shot by Markus Granlund.
7:15 of 1st period - Shot Blocked by Kyle Connor.
7:17 of 1st period - Slapshot by Christian Djoos.
7:17 of 1st period - Stopped by Carter Hart without a rebound.
7:18 of 1st period - Erik Christensen wins face-off versus Anton Gustafsson in Reign zone.
7:26 of 1st period - Off-side.
7:27 of 1st period - Erik Christensen wins face-off versus Anton Gustafsson in neutral zone.
7:59 of 1st period - Mark McNeill is hit by Erik Christensen and loses puck.
8:30 of 1st period - Wrist shot by Alex Iafallo.
8:30 of 1st period - Shot Misses the Net.
8:59 of 1st period - Minor Penalty to Mattias Backman for Hooking.
9:00 of 1st period - Markus Granlund wins face-off versus Mike Amadio in Admirals zone.
10:50 of 1st period - Nicolas Kerdiles is hit by Jordan Schmaltz and loses puck.
10:59 of 1st period - Penalty to Mattias Backman is over, Mattias Backman is back on ice.
11:03 of 1st period - Snap shot by Nicolas Deslauriers.
11:03 of 1st period - Shot Misses the Net.
11:09 of 1st period - Nicolas Deslauriers is hit by Josh Anderson and loses puck.
11:22 of 1st period - Snap shot by Nicolas Deslauriers.
11:22 of 1st period - Stopped by Carter Hart without a rebound.
11:23 of 1st period - Lucas Wallmark wins face-off versus Trent Frederic in Reign zone.
11:24 of 1st period - Wrist shot by Hunter Shinkaruk.
11:24 of 1st period - Shot Misses the Net.
12:38 of 1st period - Jordan Kyrou is hit by Trevor Van Riemsdyk and loses puck.
13:04 of 1st period - Markus Granlund is hit by Josh Anderson and loses puck.
13:27 of 1st period - Snap shot by Nicolas Deslauriers.
13:27 of 1st period - Shot Misses the Net.
13:29 of 1st period - Wrist shot by Nicolas Deslauriers.
13:29 of 1st period - Stopped by Carter Hart without a rebound.
13:30 of 1st period - Lucas Wallmark wins face-off versus Joel Eriksson Ek in Reign zone.
13:45 of 1st period - Wrist shot by Josh Anderson.
13:45 of 1st period - Goal by Josh Anderson - Reign : 1 - Admirals : 0.
13:46 of 1st period - Matthew Tkachuk wins face-off versus Markus Granlund in neutral zone.
14:04 of 1st period - Mike Amadio is hit by Nicolas Kerdiles and loses puck.
14:21 of 1st period - Snap shot by Jacob Josefson.
14:21 of 1st period - Shot Misses the Net.
14:23 of 1st period - Slapshot by Jordan Schmaltz.
14:23 of 1st period - Shot Blocked by T.J Brodie.
15:05 of 1st period - Wrist shot by Markus Granlund.
15:05 of 1st period - Deflect By Joel Armia.
15:05 of 1st period - Shot Misses the Net.
15:05 of 1st period - Puck is out of play.
15:06 of 1st period - Markus Granlund wins face-off versus Joel Eriksson Ek in Reign zone.
15:43 of 1st period - Slapshot by Markus Granlund.
15:43 of 1st period - Stopped by Carter Hart with a rebound.
15:45 of 1st period - Snap shot by Markus Granlund.
15:45 of 1st period - Stopped by Carter Hart with a rebound.
16:32 of 1st period - Backhand shot by Joel Armia.
16:32 of 1st period - Shot Misses the Net.
16:45 of 1st period - Off-side.
16:46 of 1st period - Anton Gustafsson wins face-off versus Mike Amadio in neutral zone.
16:56 of 1st period - Snap shot by Blake Geoffrion.
16:56 of 1st period - Shot Blocked by Charlie McAvoy.
17:17 of 1st period - Slapshot by Kasper Bjorkqvist.
17:17 of 1st period - Goal by Kasper Bjorkqvist - Reign : 1 - Admirals : 1.
17:18 of 1st period - Mike Amadio wins face-off versus Mark McNeill in neutral zone.
17:21 of 1st period - Snap shot by Austin Czarnik.
17:21 of 1st period - Shot Misses the Net.
17:30 of 1st period - Icing by Christopher Tanev.
17:31 of 1st period - Lucas Wallmark wins face-off versus Mike Amadio in Reign zone.
18:01 of 1st period - Wrist shot by Austin Czarnik.
18:01 of 1st period - Stopped by Felix Sanstrom with a rebound.
18:03 of 1st period - Slapshot by Matt Roy.
18:03 of 1st period - Shot Misses the Net.
18:05 of 1st period - Slapshot by Matt Roy.
18:05 of 1st period - Stopped by Felix Sanstrom without a rebound.
18:06 of 1st period - Erik Christensen wins face-off versus Markus Granlund in Admirals zone.
18:17 of 1st period - Joel Vermin is hit by Markus Granlund and loses puck.
18:22 of 1st period - Snap shot by Markus Granlund.
18:22 of 1st period - Goal by Markus Granlund - Reign : 1 - Admirals : 2.
18:23 of 1st period - Markus Granlund wins face-off versus Matthew Tkachuk in neutral zone.
19:09 of 1st period - Wrist shot by Hunter Shinkaruk.
19:09 of 1st period - Stopped by Carter Hart with a rebound.
19:34 of 1st period - Minor Penalty to Joachim Blichfeld for Hooking.
19:35 of 1st period - Markus Granlund wins face-off versus Mike Amadio in Reign zone.
19:47 of 1st period - Snap shot by Markus Granlund.
19:47 of 1st period - Stopped by Carter Hart with a rebound.
Goals for this period are 1 for Reign vs 2 for Admirals.
Shots for this period are 6 for Reign vs 13 for Admirals.

2nd period


0:01 of 2nd period - Mike Amadio wins face-off versus Markus Granlund in neutral zone.
0:25 of 2nd period - Jordan Schmaltz is hit by Mark McNeill.
1:34 of 2nd period - Penalty to Joachim Blichfeld is over, Joachim Blichfeld is back on ice.
1:45 of 2nd period - Slapshot by Jacob Josefson.
1:45 of 2nd period - Shot Misses the Net.
1:47 of 2nd period - Backhand shot by Jacob Josefson.
1:47 of 2nd period - Shot Blocked by Lucas Wallmark.
2:25 of 2nd period - Wrist shot by Austin Czarnik.
2:25 of 2nd period - Stopped by Felix Sanstrom with a rebound.
2:56 of 2nd period - Logan Stanley is hit by Markus Granlund and loses puck.
4:04 of 2nd period - Snap shot by Freddie Hamilton.
4:04 of 2nd period - Shot Blocked by Alex Iafallo.
4:14 of 2nd period - Wrist shot by Mike Amadio.
4:14 of 2nd period - Shot Misses the Net.
4:16 of 2nd period - Slapshot by Jordan Schmaltz.
4:16 of 2nd period - Shot Blocked by Josh Morrissey.
4:18 of 2nd period - Slapshot by Jordan Schmaltz.
4:18 of 2nd period - Stopped by Felix Sanstrom with a rebound.
4:48 of 2nd period - Wrist shot by Jacob Josefson.
4:48 of 2nd period - Shot Misses the Net.
4:50 of 2nd period - Snap shot by Filip Hronek.
4:50 of 2nd period - Stopped by Felix Sanstrom without a rebound.
4:51 of 2nd period - Jacob Josefson wins face-off versus Anton Gustafsson in Admirals zone.
4:58 of 2nd period - Wrist shot by Jordan Kyrou.
4:58 of 2nd period - Shot Blocked by Mattias Backman.
5:00 of 2nd period - Snap shot by Jordan Kyrou.
5:00 of 2nd period - Stopped by Felix Sanstrom without a rebound.
5:01 of 2nd period - Austin Czarnik wins face-off versus Anton Gustafsson in Admirals zone.
5:32 of 2nd period - Snap shot by Erik Christensen.
5:32 of 2nd period - Stopped by Felix Sanstrom with a rebound.
5:50 of 2nd period - Slapshot by Nicolas Deslauriers.
5:50 of 2nd period - Deflect By Freddie Hamilton.
5:50 of 2nd period - Stopped by Carter Hart with a rebound.
6:17 of 2nd period - Wrist shot by Josh Anderson.
6:17 of 2nd period - Shot Misses the Net.
6:54 of 2nd period - Minor Penalty to Jordan Schmaltz for Hooking.
6:55 of 2nd period - Mike Amadio wins face-off versus Markus Granlund in Reign zone.
8:52 of 2nd period - Mike Amadio is hit by Mark McNeill and loses puck.
8:54 of 2nd period - Penalty to Jordan Schmaltz is over, Jordan Schmaltz is back on ice.
9:45 of 2nd period - Icing by Jordan Schmaltz.
9:46 of 2nd period - Lucas Wallmark wins face-off versus Mike Amadio in Reign zone.
9:47 of 2nd period - Wrist shot by Kasper Bjorkqvist.
9:47 of 2nd period - Deflect By Hunter Shinkaruk.
9:47 of 2nd period - Stopped by Carter Hart with a rebound.
9:49 of 2nd period - Wrist shot by Lucas Wallmark.
9:49 of 2nd period - Shot Blocked by Mike Amadio.
9:51 of 2nd period - Slapshot by Josh Morrissey.
9:51 of 2nd period - Stopped by Carter Hart without a rebound.
9:52 of 2nd period - Jacob Josefson wins face-off versus Markus Granlund in Reign zone.
10:07 of 2nd period - Wrist shot by Jacob Josefson.
10:07 of 2nd period - Stopped by Felix Sanstrom with a rebound.
10:17 of 2nd period - Dan Renouf is hit by Blake Geoffrion and loses puck.
10:38 of 2nd period - Snap shot by Matthew Tkachuk.
10:38 of 2nd period - Goal by Matthew Tkachuk - Reign : 2 - Admirals : 2.
10:39 of 2nd period - Jacob Josefson wins face-off versus Markus Granlund in neutral zone.
10:55 of 2nd period - Off-side.
10:56 of 2nd period - Anton Gustafsson wins face-off versus Mike Amadio in neutral zone.
11:44 of 2nd period - Nicolas Kerdiles is hit by Charlie McAvoy and loses puck.
11:55 of 2nd period - Snap shot by Alex Iafallo.
11:55 of 2nd period - Stopped by Felix Sanstrom with a rebound.
11:57 of 2nd period - Slapshot by Christopher Tanev.
11:57 of 2nd period - Shot Blocked by Josh Morrissey.
12:17 of 2nd period - Slapshot by Anton Gustafsson.
12:17 of 2nd period - Stopped by Carter Hart with a rebound.
12:31 of 2nd period - Slapshot by Joel Eriksson Ek.
12:31 of 2nd period - Shot Blocked by Christian Djoos.
12:33 of 2nd period - Snap shot by Josh Anderson.
12:33 of 2nd period - Shot Misses the Net.
12:35 of 2nd period - Snap shot by Josh Anderson.
12:35 of 2nd period - Goal by Josh Anderson - Reign : 3 - Admirals : 2.
12:36 of 2nd period - Mike Amadio wins face-off versus Markus Granlund in neutral zone.
13:08 of 2nd period - Wrist shot by Austin Czarnik.
13:08 of 2nd period - Stopped by Felix Sanstrom without a rebound.
13:09 of 2nd period - Markus Granlund wins face-off versus Erik Christensen in Admirals zone.
13:22 of 2nd period - Snap shot by Nicolas Kerdiles.
13:22 of 2nd period - Shot Misses the Net.
13:24 of 2nd period - Wrist shot by Joel Armia.
13:24 of 2nd period - Stopped by Carter Hart without a rebound.
13:25 of 2nd period - Anton Gustafsson wins face-off versus Mike Amadio in Reign zone.
13:26 of 2nd period - Wrist shot by Blake Geoffrion.
13:26 of 2nd period - Shot Misses the Net.
13:28 of 2nd period - Wrist shot by Mattias Backman.
13:28 of 2nd period - Shot Blocked by Markus Nutivaara.
13:30 of 2nd period - Slapshot by Andreas Englund.
13:30 of 2nd period - Stopped by Carter Hart with a rebound.
13:32 of 2nd period - Snap shot by Mark McNeill.
13:32 of 2nd period - Shot Misses the Net.
13:34 of 2nd period - Snap shot by Blake Geoffrion.
13:34 of 2nd period - Goal by Blake Geoffrion - Reign : 3 - Admirals : 3.
13:35 of 2nd period - Mike Amadio wins face-off versus Markus Granlund in neutral zone.
13:45 of 2nd period - Slapshot by Austin Czarnik.
13:45 of 2nd period - Shot Hit the Post.
13:47 of 2nd period - Wrist shot by Matthew Tkachuk.
13:47 of 2nd period - Stopped by Felix Sanstrom with a rebound.
13:49 of 2nd period - Slapshot by Jordan Schmaltz.
13:49 of 2nd period - Shot Misses the Net.
13:51 of 2nd period - Wrist shot by Mike Amadio.
13:51 of 2nd period - Shot Blocked by Mattias Backman.
14:01 of 2nd period - Markus Granlund is hit by Jordan Kyrou and loses puck.
14:20 of 2nd period - Minor Penalty to Markus Granlund for Tripping.
14:21 of 2nd period - Freddie Hamilton wins face-off versus Erik Christensen in Admirals zone.
14:28 of 2nd period - Slapshot by T.J Brodie.
14:28 of 2nd period - Shot Misses the Net.
15:42 of 2nd period - Mattias Backman is hit by Kyle Connor and loses puck.
16:03 of 2nd period - Hunter Shinkaruk is hit by Alex Iafallo and loses puck.
16:20 of 2nd period - Penalty to Markus Granlund is over, Markus Granlund is back on ice.
16:45 of 2nd period - Austin Czarnik is hit by Markus Granlund and loses puck.
16:56 of 2nd period - Wrist shot by Riley Barber.
16:56 of 2nd period - Shot Misses the Net.
17:02 of 2nd period - Freddie Hamilton is hit by Josh Anderson and loses puck.
17:13 of 2nd period - Kyle Connor is hit by Hunter Shinkaruk and loses puck.
18:03 of 2nd period - Joel Eriksson Ek is hit by Nicolas Deslauriers.
19:40 of 2nd period - Minor Penalty to Kyle Connor for High sticking.
19:41 of 2nd period - Markus Granlund wins face-off versus Mike Amadio in Reign zone.
19:44 of 2nd period - Snap shot by Nicolas Kerdiles.
19:44 of 2nd period - Shot Blocked by Mike Amadio.
19:58 of 2nd period - Trent Frederic is hit by Markus Granlund and loses puck.
Goals for this period are 2 for Reign vs 1 for Admirals.
Shots for this period are 11 for Reign vs 7 for Admirals.

3rd period


0:01 of 3rd period - Mike Amadio wins face-off versus Markus Granlund in neutral zone.
0:03 of 3rd period - Off-side.
0:04 of 3rd period - Mike Amadio wins face-off versus Markus Granlund in neutral zone.
0:42 of 3rd period - Filip Hronek is hit by T.J Brodie and loses puck.
1:31 of 3rd period - T.J Brodie is hit by Joel Vermin and loses puck.
1:40 of 3rd period - Penalty to Kyle Connor is over, Kyle Connor is back on ice.
2:16 of 3rd period - Wrist shot by Riley Barber.
2:16 of 3rd period - Stopped by Carter Hart with a rebound.
2:18 of 3rd period - Slapshot by T.J Brodie.
2:18 of 3rd period - Shot Misses the Net.
2:48 of 3rd period - Snap shot by Joel Eriksson Ek.
2:48 of 3rd period - Stopped by Felix Sanstrom with a rebound.
2:50 of 3rd period - Snap shot by Josh Anderson.
2:50 of 3rd period - Stopped by Felix Sanstrom with a rebound.
2:52 of 3rd period - Snap shot by Josh Anderson.
2:52 of 3rd period - Goal by Josh Anderson - Reign : 4 - Admirals : 3.
2:53 of 3rd period - Markus Granlund wins face-off versus Mike Amadio in neutral zone.
2:55 of 3rd period - Minor Penalty to Andreas Englund for Interference.
2:56 of 3rd period - Markus Granlund wins face-off versus Erik Christensen in Admirals zone.
3:33 of 3rd period - Snap shot by Markus Nutivaara.
3:33 of 3rd period - Goal by Markus Nutivaara - Reign : 5 - Admirals : 3.
3:33 of 3rd period - Tristan Jarry enters game.
3:34 of 3rd period - Jacob Josefson wins face-off versus Markus Granlund in neutral zone.
3:43 of 3rd period - Snap shot by Markus Nutivaara.
3:43 of 3rd period - Shot Blocked by Nicolas Kerdiles.
3:45 of 3rd period - Backhand shot by Kyle Connor.
3:45 of 3rd period - Shot Misses the Net.
3:47 of 3rd period - Slapshot by Jordan Schmaltz.
3:47 of 3rd period - Shot Blocked by Nicolas Kerdiles.
3:49 of 3rd period - Snap shot by Kyle Connor.
3:49 of 3rd period - Stopped by Tristan Jarry without a rebound.
3:50 of 3rd period - Mike Amadio wins face-off versus Anton Gustafsson in Admirals zone.
4:06 of 3rd period - Snap shot by Mark McNeill.
4:06 of 3rd period - Goal by Mark McNeill - Reign : 5 - Admirals : 4.
4:07 of 3rd period - Erik Christensen wins face-off versus Markus Granlund in neutral zone.
4:13 of 3rd period - Minor Penalty to Joel Armia for Holding.
4:14 of 3rd period - Erik Christensen wins face-off versus Markus Granlund in Admirals zone.
5:42 of 3rd period - Mike Amadio is hit by Freddie Hamilton.
5:55 of 3rd period - Icing by Jordan Schmaltz.
5:56 of 3rd period - Erik Christensen wins face-off versus Mark McNeill in Reign zone.
6:13 of 3rd period - Penalty to Joel Armia is over, Joel Armia is back on ice.
6:28 of 3rd period - Wrist shot by T.J Brodie.
6:28 of 3rd period - Shot Blocked by Christopher Tanev.
7:08 of 3rd period - Snap shot by Joel Eriksson Ek.
7:08 of 3rd period - Shot Misses the Net.
7:22 of 3rd period - Joel Armia is hit by Logan Stanley and loses puck.
7:35 of 3rd period - Wrist shot by Markus Nutivaara.
7:35 of 3rd period - Stopped by Tristan Jarry without a rebound.
7:36 of 3rd period - Anton Gustafsson wins face-off versus Jordan Kyrou in Admirals zone.
8:06 of 3rd period - Off-side.
8:07 of 3rd period - Erik Christensen wins face-off versus Freddie Hamilton in neutral zone.
8:16 of 3rd period - Snap shot by Erik Christensen.
8:16 of 3rd period - Shot Blocked by Nicolas Deslauriers.
9:04 of 3rd period - Wrist shot by Mike Amadio.
9:04 of 3rd period - Stopped by Tristan Jarry without a rebound.
9:05 of 3rd period - Erik Christensen wins face-off versus Markus Granlund in Admirals zone.
9:06 of 3rd period - Slapshot by Alex Iafallo.
9:06 of 3rd period - Shot Misses the Net.
9:30 of 3rd period - Blake Geoffrion is hit by Austin Czarnik and loses puck.
9:53 of 3rd period - Slapshot by Jacob Josefson.
9:53 of 3rd period - Stopped by Tristan Jarry without a rebound.
9:54 of 3rd period - Jacob Josefson wins face-off versus Markus Granlund in Admirals zone.
10:23 of 3rd period - Snap shot by Kasper Bjorkqvist.
10:23 of 3rd period - Stopped by Carter Hart without a rebound.
10:24 of 3rd period - Lucas Wallmark wins face-off versus Erik Christensen in Reign zone.
10:29 of 3rd period - Snap shot by Hunter Shinkaruk.
10:29 of 3rd period - Shot Blocked by Markus Nutivaara.
10:31 of 3rd period - Wrist shot by Hunter Shinkaruk.
10:31 of 3rd period - Shot Misses the Net.
10:33 of 3rd period - Wrist shot by Hunter Shinkaruk.
10:33 of 3rd period - Stopped by Carter Hart without a rebound.
10:34 of 3rd period - Erik Christensen wins face-off versus Joel Armia in Reign zone.
10:57 of 3rd period - Wrist shot by Erik Christensen.
10:57 of 3rd period - Stopped by Tristan Jarry with a rebound.
11:07 of 3rd period - Wrist shot by Erik Christensen.
11:07 of 3rd period - Shot Blocked by Josh Morrissey.
11:09 of 3rd period - Snap shot by Erik Christensen.
11:09 of 3rd period - Shot Misses the Net.
11:11 of 3rd period - Snap shot by Jordan Schmaltz.
11:11 of 3rd period - Deflect By Joel Vermin.
11:11 of 3rd period - Goal by Joel Vermin - Reign : 6 - Admirals : 4.
11:12 of 3rd period - Anton Gustafsson wins face-off versus Mike Amadio in neutral zone.
11:23 of 3rd period - Snap shot by Filip Hronek.
11:23 of 3rd period - Shot Blocked by Josh Morrissey.
11:25 of 3rd period - Snap shot by Charlie McAvoy.
11:25 of 3rd period - Deflect By Austin Czarnik.
11:25 of 3rd period - Shot Blocked by Josh Morrissey.
11:25 of 3rd period - Puck is out of play.
11:26 of 3rd period - Markus Granlund wins face-off versus Erik Christensen in Admirals zone.
11:37 of 3rd period - Markus Granlund is hit by Erik Christensen and loses puck.
12:41 of 3rd period - Markus Granlund is hit by Josh Anderson and loses puck.
13:08 of 3rd period - Minor Penalty to Andreas Englund for Roughing.
13:09 of 3rd period - Erik Christensen wins face-off versus Markus Granlund in Admirals zone.
13:45 of 3rd period - Snap shot by Mike Amadio.
13:45 of 3rd period - Shot Misses the Net.
13:47 of 3rd period - Wrist shot by Mike Amadio.
13:47 of 3rd period - Stopped by Tristan Jarry without a rebound.
13:48 of 3rd period - Erik Christensen wins face-off versus Markus Granlund in Admirals zone.
13:49 of 3rd period - Slapshot by Alex Iafallo.
13:49 of 3rd period - Stopped by Tristan Jarry without a rebound.
13:50 of 3rd period - Markus Granlund wins face-off versus Erik Christensen in Admirals zone.
14:37 of 3rd period - Matthew Tkachuk is hit by Mark McNeill and loses puck.
15:08 of 3rd period - Penalty to Andreas Englund is over, Andreas Englund is back on ice.
15:37 of 3rd period - Minor Penalty to Josh Anderson for Cross-checking.
15:38 of 3rd period - Markus Granlund wins face-off versus Mike Amadio in Reign zone.
15:48 of 3rd period - Snap shot by Nicolas Kerdiles.
15:48 of 3rd period - Stopped by Carter Hart with a rebound.
15:50 of 3rd period - Wrist shot by Joel Armia.
15:50 of 3rd period - Shot Blocked by Christopher Tanev.
15:52 of 3rd period - Slapshot by Markus Granlund.
15:52 of 3rd period - Stopped by Carter Hart without a rebound.
15:53 of 3rd period - Mike Amadio wins face-off versus Markus Granlund in Reign zone.
16:26 of 3rd period - Wrist shot by Blake Geoffrion.
16:26 of 3rd period - Stopped by Carter Hart with a rebound.
16:28 of 3rd period - Wrist shot by Josh Morrissey.
16:28 of 3rd period - Shot Blocked by Jordan Schmaltz.
17:34 of 3rd period - Mike Amadio is hit by T.J Brodie and loses puck.
17:37 of 3rd period - Penalty to Josh Anderson is over, Josh Anderson is back on ice.
17:53 of 3rd period - Snap shot by Freddie Hamilton.
17:53 of 3rd period - Stopped by Carter Hart with a rebound.
17:55 of 3rd period - Wrist shot by Riley Barber.
17:55 of 3rd period - Shot Blocked by Jordan Schmaltz.
17:57 of 3rd period - Slapshot by Trevor Van Riemsdyk.
17:57 of 3rd period - Deflect By Jordan Schmaltz.
17:57 of 3rd period - Stopped by Carter Hart without a rebound.
17:58 of 3rd period - Lucas Wallmark wins face-off versus Jacob Josefson in Reign zone.
18:52 of 3rd period - Snap shot by Erik Christensen.
18:52 of 3rd period - Stopped by Tristan Jarry without a rebound.
18:53 of 3rd period - Jacob Josefson wins face-off versus Anton Gustafsson in Admirals zone.
19:06 of 3rd period - Snap shot by Mark McNeill.
19:06 of 3rd period - Shot Misses the Net.
19:43 of 3rd period - Wrist shot by Anton Gustafsson.
19:43 of 3rd period - Stopped by Carter Hart with a rebound.
19:45 of 3rd period - Backhand shot by Josh Wesley.
19:45 of 3rd period - Shot Misses the Net.
19:47 of 3rd period - Wrist shot by Blake Geoffrion.
19:47 of 3rd period - Stopped by Carter Hart with a rebound.
19:57 of 3rd period - Snap shot by Kyle Connor.
19:57 of 3rd period - Shot Misses the Net.
Goals for this period are 3 for Reign vs 1 for Admirals.
Shots for this period are 13 for Reign vs 11 for Admirals. Output by the SimonT Hockey Simulator (STHS) for Francois Prevost - Original Page W3C HTML5 Valid
Hockey Simulator - Hockey Simulation - Hockey Manager